 Dungeon Crawl Stone Soup version 0.29-a0-284-gf9362112df (webtiles) character file.

Game seed: 16195618974132688787

457 zazu2006 the Magician (level 7, -6/41 (56) HPs)
             Began as a Naga Hedge Wizard on Mar 19, 2022.
             Mangled by Edmund
             ... wielding a +2 flail of draining
              (9 damage)
             ... on level 4 of the Dungeon.
             The game lasted 00:10:57 (4959 turns).

zazu2006 the Magician (Naga Hedge Wizard)           Turns: 4959, Time: 00:10:57

HP:   -6/41 (56)    AC:  6    Str: 11 (13) XL:     7   Next: 6%
MP:   13/14         EV:  9    Int: 14 (16) God:
Gold: 281           SH:  0    Dex:  7 (10) Spells: 7/16 levels left

rFire   + . .      SeeInvis +   j - +0 long sword
rCold   + . .      Faith    .   (no shield)
rNeg    . . .      Spirit   .   r - +2 robe {Will+}
rPois   +          Reflect  .   c - +0 hat
rElec   +          Harm     .   (no cloak)
rCorr   +          Rampage  .   m - +0 pair of gloves
Will    +....                   (no barding)
Stlth   ++........              f - amulet of magic regeneration
HPRegen 0.13/turn               (no ring)
MPRegen 0.54/turn               (no ring)

@: about to teleport, resistant, attractive, on blink cooldown, very slightly
contaminated, very heavily drained, very slow
A: AC +2, large, see invisible, deformed body, poison resistance, slowness 2,
spit poison 1, naga tail 1
a: Spit Poison


You were on level 4 of the Dungeon.
You visited 1 branch of the dungeon, and saw 4 of its levels.

You collected 281 gold pieces.

Inventory:

Hand Weapons
 j - a +0 long sword (weapon)
 q - a +4 war axe of venom
Missiles
 e - 3 datura-tipped darts
Armour
 c - a +0 hat (worn)
 m - a +0 pair of gloves (worn)
 r - a +2 robe of willpower (worn)
Jewellery
 f - an amulet of magic regeneration (around neck)
Scrolls
 a - a scroll of magic mapping {unknown}
 h - 2 scrolls of teleportation
 i - 2 scrolls of vulnerability {unknown}
 k - 2 scrolls of blinking {unknown}
 p - 2 scrolls of identify {unknown}
Potions
 d - 3 potions of magic


   Skills:
 + Level 0.4 Fighting
 - Level 0.1(0.9) Short Blades
 + Level 1.5(1.6) Long Blades
 + Level 2.1 Dodging
 + Level 3.5 Stealth
 + Level 5.0 Spellcasting
 + Level 3.3 Conjurations
 + Level 1.0 Summonings
 + Level 1.0 Translocations
 + Level 0.2 Air Magic
 * Level 3.7 Poison Magic


You had 7 spell levels left.
You knew the following spells:

 Your Spells              Type           Power      Damage    Failure   Level
a - Magic Dart            Conj           48%        1d5       4%          1
b - Mephitic Cloud        Conj/Pois/Air  10%        N/A       19%         3
c - Conjure Flame         Conj/Fire      8%         6-21      26%         3
d - Blink                 Tloc           12%        N/A       17%         2

Your spell library contained the following spells:

 Spells                   Type           Power      Damage    Failure   Level
 Poisonous Vapours        Pois/Air       18%        N/A       12%         2
 Slow                     Hex            12%        N/A       17%         1
 Call Imp                 Summ           6%         N/A       17%         2
 Corpse Rot               Necr/Air       6%         N/A       26%         2
 Irradiate                Conj/Tmut      4%         3d15      94%         5
 Blade Hands              Tmut           1%         N/A       99%         5
 Dragon Form              Tmut           1%         N/A       100%        7


Dungeon Overview and Level Annotations

Branches:
Dungeon (4/15)
 Temple: D:4-7

Altars:
Kikubaaqudgha
Ru
Sif Muna
Wu Jian

Annotations:
D:3 3 runed translucent doors, Bimmy's ghost, amateur SpEn; Dvallin's ghost, amateur FoHu; Insxnity's ghost, weakling OpEE
D:4 Edmund


Innate Abilities, Weirdness & Mutations

Your serpentine skin is tough. (AC +2)
You have supernaturally acute eyesight. (SInv)
Armour fits poorly on your strangely shaped body.
Your system is resistant to poisons. (rPois)
You cover ground very slowly.
You can spit poison.
You have a snake-like lower body.


Message History

You hit Edmund but do no damage.
Edmund is lightly wounded.
You have got your breath back.
Edmund closely misses you.
You barely miss Edmund.
Edmund is lightly wounded.
Edmund hits you with a +2 flail of draining.
You feel drained.
You barely miss Edmund.
Edmund is lightly wounded.
Edmund hits you with a +2 flail of draining!
You feel drained.
Edmund says, "People think my brother is the best.
I think he's crazy."
Edmund hits you with a +2 flail of draining!
You feel drained.
* * * LOW HITPOINT WARNING * * *
Casting: Magic Dart (safe; 4% risk of failure)
Confirm with . or Enter, or press ? or * to list all spells.
You miscast Blink.
You are very lightly contaminated with residual magic.
Nothing appears to happen.
Edmund hits you but does no damage.
You feel drained.
Unknown command.
Unknown command.
Unknown command.
Unknown command.
Casting: Blink (safe; 17% risk of failure)
Confirm with . or Enter, or press ? or * to list all spells.
You blink.
Edmund is attracted toward you.
You feel protected. Edmund closely misses you.
As you read the scroll labelled QUSOCURAQE, it crumbles to dust.
You feel strangely unstable.
It was a scroll of teleportation.
Edmund hits you with a +2 flail of draining!
* * * LOW HITPOINT WARNING * * *
You feel drained.
* * * LOW HITPOINT WARNING * * *
Edmund attacks as you move away!
Edmund hits you with a +2 flail of draining!
You die...

#......#
..).###..##.##.####.
#.##.#.#
..........#.##......
#.#..#.#
.....##.............
#.#.##.#
...#.##.....##......
#.#.##.# ...
.###...###.####.
#...[..# ####
.###.......# #.
###.#### ...
......###### #.
#.##.###.#####.####.#
#.
#...........@@......#
#.
####.###.#####.######
## ### .# .# #.### ..
.# #... ### ## #..#
....# ......# ..... .
......#


You could see Edmund.

Vanquished Creatures
  A black bear (D:3)
  Blork the orc (D:4)
  2 necrophages (D:4)
  A howler monkey (D:4)
  An iguana (D:4)
  2 adders
  3 gnolls (D:3)
  An orc (D:2)
  11 ball pythons
  7 endoplasms
  2 giant cockroaches
  9 goblins
  8 hobgoblins
  A quokka (D:1)
  5 bats
  2 frilled lizards
  9 kobolds
  15 rats
81 creatures vanquished.

Vanquished Creatures (others)
  4 withered plants (D:3)
4 creatures vanquished.

Grand Total: 85 creatures vanquished

Notes
Turn   | Place    | Note
-------+----------+-------------------------------------------
     0 | D:1      | zazu2006 the Naga Hedge Wizard began the quest for the Orb.
     0 | D:1      | Reached XP level 1. HP: 15/15 MP: 4/4
   325 | D:1      | Reached XP level 2. HP: 22/22 MP: 0/6
  1041 | D:1      | Reached XP level 3. HP: 21/28 MP: 2/8
  1138 | D:1      | Learned a level 3 spell: Mephitic Cloud
  1142 | D:1      | Learned a level 3 spell: Conjure Flame
  1145 | D:1      | Learned a level 2 spell: Blink
  1487 | D:1      | Found a faded altar of an unknown god.
  2473 | D:2      | Reached skill level 1 in Poison Magic
  2878 | D:3      | Found a shimmering blue altar of Sif Muna.
  2878 | D:3      | Found an ornate altar of the Wu Jian Council.
  2878 | D:3      | Found an ancient bone altar of Kikubaaqudgha.
  2891 | D:3      | Reached skill level 4 in Spellcasting
  2891 | D:3      | Reached XP level 4. HP: 36/36 MP: 0/10
  2984 | D:3      | Found a sacrificial altar of Ru.
  3097 | D:3      | Noticed a black bear
  3131 | D:3      | Killed a black bear
  3132 | D:3      | Reached XP level 5. HP: 33/42 MP: 5/11
  3357 | D:3      | Found a runed translucent gate.
  3357 | D:3      | Found a runed translucent gate.
  3357 | D:3      | Found a runed translucent gate.
  3363 | D:3      | Noticed Bimmy's ghost (amateur SpEn)
  3363 | D:3      | Noticed Dvallin's ghost (amateur FoHu)
  3363 | D:3      | Noticed Insxnity's ghost (weakling OpEE)
  3810 | D:4      | Noticed Blork the orc
  3824 | D:4      | Killed Blork the orc
  3825 | D:4      | Reached XP level 6. HP: 27/49 MP: 9/13
  4270 | D:4      | Gained mutation: You are dopey. (Int -2) [potion of
                  | mutation]
  4270 | D:4      | Gained mutation: You have hidden genetic potential. [potion
                  | of mutation]
  4282 | D:4      | Reached skill level 5 in Spellcasting
  4289 | D:4      | Lost mutation: You are dopey. (Int -2) [potion of mutation]
  4289 | D:4      | Lost mutation: You have hidden genetic potential. [potion
                  | of mutation]
  4289 | D:4      | Gained mutation: You can exhale a cloud of poison. [potion
                  | of mutation]
  4289 | D:4      | Lost mutation: You can exhale a cloud of poison. [potion of
                  | mutation]
  4776 | D:4      | Reached skill level 1 in Long Blades
  4776 | D:4      | Reached XP level 7. HP: 42/51 MP: 14/14
  4947 | D:4      | Noticed Edmund
  4959 | D:4      | Mangled by Edmund

Illustrated notes

Levels and vault maps discovered:
D:1:      lemuel_arrival_cross, layout_basic,
          ebering_ecumenical_altar_sacrificial, dreamdust_wishing_well,
          minmay_rat_gold_closets
D:2:      layout_loops_ring, minmay_misc_feat_rugged
D:3:      layout_rooms, chequers_temple_overflow_statue_of_worship,
          mainiacjoe_overflow_six_doors_small, gammafunk_ghost_cemetery,
          chequers_serial_rivers_room_b
D:4:      layout_loops_cross, uniq_blork_the_orc, uniq_edmund

Skill      XL: |  1  2  3  4  5  6 |
---------------+-------------------+-----
Poison Magic   | 1 2 3 |  3.7
Dodging        | 2 |  2.1
Spellcasting   | 4 5 |  5.0
Conjurations   | 2 3 |  3.3
Long Blades    | 1 |  1.5
Fighting       | |  0.4
Short Blades   | |  0.1
Stealth        | |  3.5
Summonings     | |  1.0
Translocations | |  1.0
Air Magic      | |  0.2

Action                   |  1- 3 |  4- 6 |  7- 9 || total
-------------------------+-------+-------+-------++-------
Melee: Dagger            |     1 |       |       ||     1
       Long sword        |     2 |    26 |     4 ||    32
       Punch             |     1 |       |       ||     1
 Cast: Magic Dart        |   111 |    89 |       ||   200
       Mephitic Cloud    |       |     3 |       ||     3
       Conjure Flame     |       |     1 |       ||     1
       Blink             |       |     1 |     1 ||     2
 Abil: Spit Poison       |     5 |     4 |     1 ||    10
  Use: Potion            |       |     5 |     2 ||     7
       Scroll            |       |       |     1 ||     1
Armor: Robe              |     2 |     9 |     2 ||    13
Dodge: Dodged            |    18 |    26 |     3 ||    47

Table legend: (Time is in decaauts)
 A = Elapsed time spent in this place.
 B = Non-inter-level travel time spent in this place.
 C = Inter-level travel time spent in this place.
 D = Time resting spent in this place.
 E = Time spent auto-exploring this place.
 F = Levels seen in this place.
 G = Mean time per level.
                   A        B        C        D        E       F      G
               +--------+--------+--------+--------+--------+-----+--------+
         Total |   5914 |   5597 |    317 |    372 |   4575 |   4 | 1478.5 |
       Dungeon |   5914 |   5597 |    317 |    372 |   4575 |   4 | 1478.5 |
               +--------+--------+--------+--------+--------+-----+--------+

Top non-repeatable levels by time:
     D:1: 2018 daAuts
     D:2: 1546 daAuts
     D:4: 1206 daAuts
     D:3: 1143 daAuts
